 Dungeon Crawl Stone Soup version 0.28-a0-657-g71136c5590 (webtiles) character file.

Game seed: 3327470028164445240

166 lawman0 the Ruffian (level 5, 0/39 HPs)
             Began as a Palentonga Transmuter on Oct 13, 2021.
             Succumbed to a scorpion's poison
             ... on level 3 of the Dungeon.
             The game lasted 00:04:16 (3439 turns).

lawman0 the Ruffian (Palentonga Transmuter)         Turns: 3439, Time: 00:04:17

Health: 0/39       AC:  2    Str: 14    XL:     5   Next: 22%
Magic:  5/8        EV: 34    Int: 26    God:
Gold:   99         SH:  0    Dex: 15    Spells: 1/8 levels left

rFire   . . .      SeeInvis +     - Unarmed
rCold   . . .      Faith    .   (shield currently unavailable)
rNeg    . . .      Spirit   .   (armour currently unavailable)
rPois   x          Reflect  .   (helmet currently unavailable)
rElec   .          Harm     .   (cloak currently unavailable)
rCorr   .          Rampage  .   (gloves currently unavailable)
Will    .....                   (no barding)
Stlth   +.........              e - amulet of the acrobat
HPRegen 0.13/turn               b - +6 ring of intelligence
MPRegen 0.11/turn               a - +6 ring of intelligence

@: lethally poisoned (0 -> -4), spider-form (expiring), acrobatic, attractive
A: venomous fangs, tiny, rugged brown scales 3, see invisible, (deformed body),
(roll 1), (armoured tail), wild magic 1, MP-powered wands
a: End Transformation


You were on level 3 of the Dungeon.
You were a venomous arachnid creature.
You visited 1 branch of the dungeon, and saw 4 of its levels.

You collected 99 gold pieces.

Inventory:

Missiles
 g - 4 boomerangs (quivered)
Armour
 f - a +0 leather armour (melded)
Jewellery
 a - a +6 ring of intelligence (right front leg)
 b - a +6 ring of intelligence (left front leg)
 e - an amulet of the acrobat (around neck)
 o - a ring of poison resistance
Wands
 n - a wand of digging (5)
Scrolls
 d - a scroll of brand weapon {unknown}
 h - a scroll of identify
 i - a scroll of fear {unknown}
 j - a scroll of fog {unknown}
 l - a scroll of vulnerability {unknown}
Potions
 k - a potion of flight


   Skills:
 + Level 1.4 Fighting
 + Level 0.7 Armour
 + Level 2.0 Dodging
 + Level 0.2 Stealth
 * Level 4.7 Unarmed Combat
 + Level 2.4 Spellcasting
 * Level 2.8 Transmutations


You had one spell level left.
You knew the following spells:

 Your Spells              Type           Power      Damage    Failure   Level
a - Beastly Appendage     Tmut           46%        N/A       16%         1
b - Wereblood             Tmut           23%        N/A       21%         2
c - Spider Form           Tmut/Pois      6%         N/A       45%         3
d - Summon Small Mammal   Summ           16%        N/A       32%         1

Your spell library contained the following spells:

 Spells                   Type           Power      Damage    Failure   Level
 Call Canine Familiar     Summ           4%         N/A       61%         3
 Summon Guardian Golem    Hex/Summ       4%         N/A       61%         3
 Ice Form                 Ice/Tmut       13%        N/A       78%         4
 Conjure Ball Lightning   Conj/Air       2%         3x3d6     100%        6
 Discord                  Hex            2%         N/A       100%        8
 Disjunction              Tloc           2%         N/A       100%        8


Dungeon Overview and Level Annotations

Branches:
Dungeon (4/15)
 Temple: D:4-7

Altars:
Kikubaaqudgha
Makhleb

Annotations:
D:2 Robin


Innate Abilities, Weirdness & Mutations

You are a venomous arachnid creature.
You have poisonous fangs.
You are tiny and dextrous.
Your spellcasting is less reliable in this form.
Your armour is entirely melded.
You are incapable of wielding weapons or throwing items.
(You are completely covered in rugged brown scales. (AC +3, +7% HP))
You have supernaturally acute eyesight. (SInv)
((Armour fits poorly on your strangely shaped body.))
((You can roll at nearby foes to attack.))
((You have a long armoured tail.))
Your spells are a little harder to cast, but a little more powerful.
You expend magic power (3 MP) to strengthen your wands.


Message History

The scorpion poisons you!
You hit the scorpion but do no damage.
The scorpion is poisoned.
You feel very sick. The scorpion misses you.
You hit the scorpion but do no damage.
The scorpion looks as sick as possible!
The scorpion is moderately wounded.
* * * LOW HITPOINT WARNING * * *
You feel very sick. The scorpion misses you.
You bite the scorpion!
You kill the scorpion!
* * * LOW HITPOINT WARNING * * *
You feel very sick.
Your Dodging skill increases to level 2!
You have reached level 5!
It was a potion of mutation.
You feel extremely strange.
You feel your magical essence link to the dungeon's wands.
You feel less in control of your magic.
Your transformation is almost over.
* * * LOW HITPOINT WARNING * * *
You feel sick.
There is a lethal amount of poison in your body!
There is a lethal amount of poison in your body!
Really quaff the potion of attraction? [Y]es or [N]o only, please.
Really quaff the potion of attraction? [Y]es or [N]o only, please.
Really quaff the potion of attraction? [Y]es or [N]o only, please.
Really quaff the potion of attraction?
You feel attractive to monsters.
* * * LOW HITPOINT WARNING * * *
You feel sick.
* * * LOW HITPOINT WARNING * * *
You feel sick.
* * * LOW HITPOINT WARNING * * *
You feel sick.
* * * LOW HITPOINT WARNING * * *
You feel sick.
You die...

##§≈≈.≈≈≈##§.....#
#⌠≈.....≈⌠#......#
#######≈.._..≈##......###
#....#⌠≈.§...≈⌠#......##.
#.(..##≈≈≈≈≈≈≈##.)....##.
#....####⌠#⌠####......##.
###.....#########.......##.
#...(....######.........###
#.....>...s................
#....†...##########....####
#...............)..........
#........##################
#........######## #....
#...............# #....
#...............# #....
#........#####..# #####
#...............#


There were no monsters in sight!

Vanquished Creatures
  A scorpion (D:3)
  3 adders
  2 worms
  A dart slug (D:3)
  6 orcs (D:3)
  8 ball pythons
  5 bats
  5 endoplasms
  2 giant cockroaches
  4 goblins
  5 hobgoblins
  5 quokkas
  A frilled lizard (D:2)
  5 kobolds
  11 rats
64 creatures vanquished.

Vanquished Creatures (others)
  2 plants (D:2)
2 creatures vanquished.

Grand Total: 66 creatures vanquished

Notes
Turn   | Place    | Note
-------+----------+-------------------------------------------
     0 | D:1      | lawman0 the Palentonga Transmuter began the quest for the
                  | Orb.
     0 | D:1      | Reached XP level 1. HP: 16/16 MP: 3/3
   411 | D:1      | Reached XP level 2. HP: 21/22 MP: 5/5
   430 | D:1      | Learned a level 2 spell: Wereblood
   900 | D:2      | Noticed Robin
  1011 | D:2      | Found a faded altar of an unknown god.
  1118 | D:2      | Reached XP level 3. HP: 15/25 MP: 4/6
  1804 | D:2      | Reached skill level 4 in Unarmed Combat
  2022 | D:3      | Learned a level 3 spell: Spider Form
  2135 | D:3      | Found a burning altar of Makhleb.
  2166 | D:3      | Reached XP level 4. HP: 23/34 MP: 5/7
  2930 | D:3      | Learned a level 1 spell: Summon Small Mammal
  3219 | D:3      | Found an ancient bone altar of Kikubaaqudgha.
  3427 | D:4      | Noticed a phantom
  3427 | D:4      | Noticed a scorpion
  3433 | D:3      | Killed a scorpion
  3434 | D:3      | Reached XP level 5. HP: 8/39 MP: 4/8
  3434 | D:3      | Gained mutation: You expend magic power (3 MP) to
                  | strengthen your wands. [potion of mutation]
  3434 | D:3      | Gained mutation: Your spells are a little harder to cast,
                  | but a little more powerful. [potion of mutation]
  3438 | D:3      | HP: 1/39 [poisoned by a scorpion]
  3439 | D:3      | Succumbed to a scorpion's poison

Illustrated notes

Levels and vault maps discovered:
D:1:      onia_arrival_handbag, layout_basic, minivault_25,
          minmay_misc_feat_ornament
D:2:      layout_loops_ring, shapermc_ecumenical_altar_mp_ritualfount,
          palyth_stone_intersect, uniq_robin
D:3:      kennysheep_six_static_rooms, layout_basic, pf_just_have_faith,
          lightli_temple_of_fire, serial_park_tiny_pond
D:4:      layout_cave_pools, overflow_temple_1_default, serial_rivers,
          chequers_serial_rivers_small_a, chequers_serial_rivers_micro_d,
          chequers_serial_rivers_small_b, chequers_serial_rivers_large_b,
          serial_bayou_pond_b, minmay_ruined_shrine

Skill      XL: |  1  2  3  4 |
---------------+-------------+-----
Unarmed Combat | 4 |  4.7
Dodging        | 2 |  2.0
Fighting       | |  1.4
Armour         | |  0.7
Stealth        | |  0.2
Spellcasting   | |  2.4
Transmutations | |  2.8

Action                   |  1- 3 |  4- 6 || total
-------------------------+-------+-------++-------
Melee: Unarmed           |   133 |    59 ||   192
       Tailslap          |     7 |     3 ||    10
       Kick              |    18 |    12 ||    30
       Headbutt          |    14 |     5 ||    19
Throw: Boomerang         |     1 |       ||     1
 Cast: Beastly Appendage |    23 |     7 ||    30
       Wereblood         |     3 |     1 ||     4
       Spider Form       |       |     1 ||     1
 Abil: Rolling Charge    |       |     3 ||     3
  Use: Potion            |       |     4 ||     4
       Scroll            |       |     2 ||     2
 Stab: Sleeping          |     1 |       ||     1
Armor: Robe              |    33 |       ||    33
       Leather armour    |    30 |    19 ||    49
Dodge: Dodged            |    64 |    23 ||    87

Table legend: (Time is in decaauts)
 A = Elapsed time spent in this place.
 B = Non-inter-level travel time spent in this place.
 C = Inter-level travel time spent in this place.
 D = Time resting spent in this place.
 E = Time spent auto-exploring this place.
 F = Levels seen in this place.
 G = Mean time per level.
                   A        B        C        D        E       F      G
               +--------+--------+--------+--------+--------+-----+--------+
         Total |   3426 |   3273 |    153 |    715 |   1962 |   4 |  856.5 |
       Dungeon |   3426 |   3273 |    153 |    715 |   1962 |   4 |  856.5 |
               +--------+--------+--------+--------+--------+-----+--------+

Top non-repeatable levels by time:
     D:3: 1466 daAuts
     D:2: 985 daAuts
     D:1: 973 daAuts
     D:4: 1 daAuts
